 Dungeon Crawl Stone Soup version 0.17-a0-854-g4a4ba72 (webtiles) character file.

459 FedoraBrony69 the Skirmisher (level 6, -6/87 HPs)
             Began as a Minotaur Berserker on Apr 28, 2015.
             Was a Priest of Trog.
             Killed by divine providence
             ... invoked by an orc priest
              (8 damage)
             ... on level 5 of the Dungeon.
             The game lasted 00:05:37 (3140 turns).

FedoraBrony69 the Skirmisher (Minotaur Berserker)   Turns: 3140, Time: 00:05:37

Health: -6/87      AC:  6    Str: 29    XL:     6   Next: 78%
Magic:  5/5        EV:  9    Int:  4    God:    Trog [***...]
Gold:   284        SH: 11    Dex:  9    Spells: 0 memorised, 5 levels left

rFire  . . .     SeeInvis .     r - +0 morningstar
rCold  . . .     Clarity  .     g - +0 ring mail (curse)
rNeg   . . .     SustAb   .     p - +2 shield
rPois  .         Gourm    .     (helmet restricted)
rElec  .         Spirit   .     h - +0 cloak
rCorr  .         Warding  .     (no gloves)
rMut   .         Stasis   .     (no boots)
MR     ++...                    q - amulet of regeneration
Stlth  ..........               (no ring)
                                (no ring)

@: berserking, regenerating, very quick, very resistant to hostile enchantments,
extremely unstealthy
A: retaliatory headbutt, horns 2
a: Burn Spellbooks, Berserk, Trog's Hand, Renounce Religion


You were on level 5 of the Dungeon.
You worshipped Trog.
Trog was most pleased with you.
You were not hungry.

You visited 1 branch of the dungeon, and saw 5 of its levels.

You collected 284 gold pieces.

Inventory:

Hand weapons
 r - a +0 morningstar (weapon)
Armour
 g - a cursed +0 ring mail (worn)
 h - a +0 cloak (worn)
 p - a +2 shield (worn)
Jewellery
 q - an amulet of regeneration (around neck)
Scrolls
 a - a scroll of fear {unknown}
 b - a scroll of identify {unknown}
 d - 4 scrolls of teleportation {unknown}
 f - 2 scrolls of enchant weapon {unknown}
 i - 5 scrolls of remove curse {unknown}
 j - 2 scrolls of amnesia {unknown}
 l - a scroll of enchant armour {unknown}
 s - a scroll of blinking {unknown}
 t - a scroll of noise {unknown}
 y - 4 scrolls of fog {unknown}
Potions
 e - a potion of brilliance {unknown}
 k - a potion of resistance {unknown}
 m - 2 potions of mutation {unknown}
 u - 2 potions of lignification {unknown}
 v - a potion of invisibility {unknown}
 w - 3 potions of curing {unknown}
 x - 2 potions of haste {unknown}
 z - a potion of restore abilities {unknown}
Comestibles
 c - a bread ration


   Skills:
 + Level 6.8 Fighting
 + Level 6.6 Maces & Flails
 - Level 2.4 Armour
 - Level 2.1 Dodging
 * Level 2.5 Shields


You had 5 spell levels left.
You didn't know any spells.

Dungeon Overview and Level Annotations

Branches:
Dungeon (5/15)             Temple (0/1) D:4

Altars:
Ashenzari
Kikubaaqudgha
Makhleb
Okawaru


Innate Abilities, Weirdness & Mutations

You reflexively headbutt those who attack you in melee.
You have a pair of horns on your head.


Message History

You sock the orc!
You kill the orc!
Trog accepts your kill. You block the orc's attack. x2
You bludgeon the orc!!
You kill the orc!
Trog accepts your kill. The orc hits you with a hand axe.
* * * LOW HITPOINT WARNING * * *
You puncture the orc priest!
The orc priest is severely wounded.
You feel the effects of Trog's Hand fading.
The orc priest hits you with a flail.
* * * LOW HITPOINT WARNING * * *
The orc closely misses you. You furiously retaliate!
You headbutt the orc!!
You kill the orc!
Trog accepts your kill.
The orc priest calls down the wrath of Beogh upon you.
Something smites you!
You die...

#..........##.#
##########.##.#
#.##.#
#############.##.#
#.............##.####
#....###########....
#.....# #..#
#.....##### #..#
#.._......# #@)#
......###.######oo#
...............ooo#
...#..#.#.#####...#
..###..###.####...#
#..#..## ##.......#
##...#.###.####.#.#
##.....#.......#.#
####.#.#.######.#


You could see 3 orc priests and 2 orcs.

Vanquished Creatures
  Sigmund (D:2)
  A scorpion (D:4)
  A hound (D:4)
  Ijyb (D:2)
  An iguana (D:5)
  A worker ant (D:5)
  7 adders
  A worm (D:2)
  3 giant geckos
  7 orcs
  A ball python (D:4)
  5 bats
  2 bat skeletons (D:4)
  4 giant cockroaches
  13 hobgoblins
  6 giant newts
  12 goblins
  8 kobolds
  A quokka skeleton (D:4)
  9 rats
  A butterfly (D:4)
86 creatures vanquished.

Notes
Turn   | Place    | Note
--------------------------------------------------------------
     0 | D:1      | FedoraBrony69, the Minotaur Berserker, began the quest for the Orb.
     0 | D:1      | Reached XP level 1. HP: 19/19 MP: 0/0
   310 | D:1      | Reached skill level 4 in Maces & Flails
   378 | D:1      | Reached XP level 2. HP: 27/27 MP: 1/1
  1041 | D:2      | Reached XP level 3. HP: 15/34 MP: 2/2
  1333 | D:2      | Noticed Sigmund
  1340 | D:2      | Killed Sigmund
  1340 | D:2      | Reached skill level 5 in Fighting
  1340 | D:2      | Reached skill level 5 in Maces & Flails
  1340 | D:2      | Reached XP level 4. HP: 44/44 MP: 3/3
  1340 | D:2      | Reached XP level 5. HP: 50/50 MP: 4/4
  1389 | D:2      | Found an ancient bone altar of Kikubaaqudgha.
  1453 | D:2      | Acquired Trog's second power
  1486 | D:2      | Reached skill level 6 in Fighting
  1605 | D:2      | Noticed Ijyb
  1614 | D:2      | Killed Ijyb
  1617 | D:2      | Reached XP level 6. HP: 57/57 MP: 5/5
  1929 | D:3      | Found a shattered altar of Ashenzari.
  2182 | D:3      | Found an iron altar of Okawaru.
  2349 | D:4      | Reached skill level 1 in Shields
  2544 | D:4      | Found a staircase to the Ecumenical Temple.
  2944 | D:5      | Entered Level 5 of the Dungeon
  3027 | D:5      | Found a burning altar of Makhleb.
  3135 | D:5      | HP: 2/58 [orc/hand axe (5)]
  3140 | D:5      | HP: 2/87 [orc priest/flail (1)]
  3140 | D:5      | Killed from afar by an orc priest

Action                   |  1- 3 |  4- 6 || total
-------------------------+-------+-------++-------
Melee: Mace              |    53 |    12 ||    65
       Morningstar       |       |   120 ||   120
Invok: Berserk           |     1 |     2 ||     3
       Trog's Hand       |       |     1 ||     1
  Eat: Chunk             |     1 |     7 ||     8
       Bread ration      |       |     1 ||     1
